[Event "Titled Tuesday Blitz March 07 Late 2023"]
[White "Bluebaum, Matthias"]
[Black "Shapiro, David"]
[WhiteFideId "24651516"]
[BlackFideId "24133523"]
[WhiteElo "2638"]
[BlackElo "2300"]
[Result "1-0"]
[Round "08"]
[TimeControl "180+2"]
[Date "2023.03.07"]
[WhiteClock "0:01:02"]
[BlackClock "0:00:10"]

1. d4 d5 2. c4 e6 3. Nc3 c6 4. Nf3 Nf6 5. Qc2 Nbd7 6. e4 dxe4 7. Nxe4 Nxe4 8. Qxe4 Bb4+ 9. Bd2 Bxd2+ 10. Nxd2 Nf6 11. Qe3 O-O 12. Be2 b6 13. O-O Bb7 14. Bf3 Qc7 15. c5 Rfd8 16. Rfd1 bxc5 17. dxc5 Nd5 18. Qa3 a5 19. Nc4 Ba6 20. Nd6 Rab8 21. Rac1 Rb4 22. h3 Rdb8 23. b3 a4 24. bxa4 Qa5 25. Bxd5 exd5 26. Qg3 Qxa4 27. Nf5 g6 28. Re1 Rf4 29. Ne7+ Kf8 30. Qg5 Re4 31. Qf6 Re8 32. Rxe4 dxe4 33. Nxc6 Kg8 34. Ne7+ Kf8 35. Nd5 Kg8 36. Nc7 Qa3 37. Rc3 1-0


[Site "https://www.chess.com"]

[Event "Titled Tuesday Blitz March 07 Late 2023"]
[White "Aldokhin, Ivan"]
[Black "Licznerski, Lukasz"]
[WhiteFideId "24115720"]
[BlackFideId "1179250"]
[WhiteElo "2322"]
[BlackElo "2450"]
[Result "0-1"]
[Round "08"]
[TimeControl "180+2"]
[Date "2023.03.07"]
[WhiteClock "0:00:05"]
[BlackClock "0:02:02"]

1. e4 c6 2. Nc3 d5 3. d4 dxe4 4. Nxe4 Nd7 5. Nf3 Ngf6 6. Nxf6+ Nxf6 7. g3 Bg4 8. Bg2 e6 9. O-O Be7 10. Qd3 O-O 11. Ne5 Bf5 12. Qd1 Qb6 13. c3 Rfd8 14. Qe2 Nd7 15. g4 Bg6 16. Nxg6 hxg6 17. Be3 Qc7 18. f4 Bd6 19. h3 Re8 20. Qf3 Nf6 21. b4 a5 22. a3 Nd5 23. Bd2 axb4 24. axb4 Rxa1 25. Rxa1 Bxf4 26. Bxf4 Nxf4 27. Rf1 g5 28. h4 Nxg2 29. Kxg2 gxh4 30. Kh3 e5 31. dxe5 Rxe5 32. Kxh4 Qe7+ 0-1


[Site "https://www.chess.com"]

[Event "Titled Tuesday Blitz March 07 Late 2023"]
[White "Rasulov, Vugar"]
[Black "Korchmar, Vasiliy"]
[WhiteFideId "13402390"]
[BlackFideId "24131750"]
[WhiteElo "2509"]
[BlackElo "2370"]
[Result "1-0"]
[Round "08"]
[TimeControl "180+2"]
[Date "2023.03.07"]
[WhiteClock "0:01:14"]
[BlackClock "0:00:12"]

1. Nf3 d5 2. c4 c6 3. e3 Nf6 4. Nc3 e6 5. d4 Nbd7 6. Bd3 dxc4 7. Bxc4 b5 8. Bd3 b4 9. Na4 c5 10. e4 Be7 11. e5 Nd5 12. O-O cxd4 13. Re1 Bb7 14. Nxd4 O-O 15. Qg4 Re8 16. Bb5 Rc8 17. Bh6 Bf8 18. Rac1 a6 19. Rxc8 Qxc8 20. Rc1 axb5 21. Rxc8 Rxc8 22. Nxe6 Nxe5 23. Qg3 Ng6 24. Nxf8 Kxf8 25. Nc5 gxh6 26. Qd6+ Kg7 27. h4 Rc6 28. Qxd5 Ba8 29. h5 Nf4 30. Qe5+ Rf6 31. Nd7 1-0


[Site "https://www.chess.com"]

[Event "Titled Tuesday Blitz March 07 Late 2023"]
[White "Ibarra Jerez, Jose Carlos"]
[Black "Preotu, Razvan"]
[WhiteFideId "2226332"]
[BlackFideId "2613280"]
[WhiteElo "2638"]
[BlackElo "2407"]
[Result "0-1"]
[Round "08"]
[TimeControl "180+2"]
[Date "2023.03.07"]
[WhiteClock "0:00:03"]
[BlackClock "0:00:03"]

1. e4 c5 2. Nc3 d6 3. d4 cxd4 4. Qxd4 Nc6 5. Qd2 g6 6. b3 Bh6 7. f4 Nf6 8. Bb2 O-O 9. O-O-O e5 10. g3 Re8 11. Nge2 Bg4 12. Bg2 Nd4 13. Nxd4 exd4 14. Qxd4 Bxd1 15. Nd5 Bg7 16. Nxf6+ Bxf6 17. Qxf6 Qxf6 18. Bxf6 Bg4 19. f5 gxf5 20. h3 Be2 21. exf5 Ba6 22. Rd1 Re2 23. Rd2 Rae8 24. Bf3 R2e3 25. Rf2 b6 26. Kd2 Re1 27. Bc6 R8e2+ 28. Rxe2 Rxe2+ 29. Kd1 Re3 30. Bh4 Bf1 31. Kd2 Re2+ 32. Kc3 Bxh3 33. f6 Bf5 34. Kd4 Rxc2 35. Bd5 Rxa2 36. Bg5 a5 37. Bf4 b5 38. Bxd6 Rd2+ 39. Ke5 Bg6 40. Bc5 a4 41. bxa4 bxa4 42. Kd6 Be4 43. Bb4 Rxd5+ 44. Ke7 Rb5 45. Bd6 Rb3 46. g4 a3 47. Be5 a2 48. g5 Rb1 49. g6 hxg6 50. Ke8 a1=Q 51. Bd6 Qxf6 52. Bc7 Qe6+ 53. Kd8 Bc6 0-1


[Site "https://www.chess.com"]

[Event "Titled Tuesday Blitz March 07 Late 2023"]
[White "Dominguez Perez, Leinier"]
[Black "Goltsev, Dmitry"]
[WhiteFideId "3503240"]
[BlackFideId "24176710"]
[WhiteElo "2647"]
[BlackElo "2336"]
[Result "0-1"]
[Round "08"]
[TimeControl "180+2"]
[Date "2023.03.07"]
[WhiteClock "0:00:32"]
[BlackClock "0:00:42"]

1. e4 e6 2. d4 d5 3. Nc3 c5 4. exd5 exd5 5. dxc5 Nf6 6. Bb5+ Nc6 7. Be3 Be7 8. Nf3 O-O 9. Bxc6 bxc6 10. h3 Ba6 11. a3 Re8 12. Qd4 Nd7 13. O-O-O Bxc5 14. Qd2 Bxe3 15. fxe3 Qb6 16. Rhe1 Rab8 17. b3 Qc5 18. b4 Qe7 19. Nd4 c5 20. Nc6 Qf6 21. Nxb8 Rxb8 22. bxc5 Nxc5 23. Qd4 Qb6 24. Nxd5 Qb1+ 25. Kd2 Nb3+ 26. Kc3 Rc8+ 27. Kb4 Nc1+ 0-1


[Site "https://www.chess.com"]

[Event "Titled Tuesday Blitz March 07 Late 2023"]
[White "Zhigalko, Sergei"]
[Black "Martynov, Pavel"]
[WhiteFideId "13502956"]
[BlackFideId "4101260"]
[WhiteElo "2626"]
[BlackElo "2314"]
[Result "0-1"]
[Round "08"]
[TimeControl "180+2"]
[Date "2023.03.07"]
[WhiteClock "0:00:23"]
[BlackClock "0:00:15"]

1. e4 c5 2. Nf3 e6 3. c3 d5 4. e5 d4 5. Bd3 Nc6 6. O-O Nge7 7. Re1 Ng6 8. g3 Qc7 9. Qe2 Be7 10. h4 a6 11. a4 f5 12. exf6 gxf6 13. Na3 Nge5 14. Nxe5 Nxe5 15. Qh5+ Kd8 16. Bf1 b6 17. Nc4 Nxc4 18. Bxc4 Qc6 19. cxd4 cxd4 20. d3 Bb7 21. Re4 f5 22. Rxd4+ Kc8 23. Bxe6+ Qxe6 24. Bg5 Bc5 25. Rc1 Kb8 26. Be3 Qc6 27. f3 Re8 28. Bf2 Re2 29. b4 Rxf2 30. bxc5 Rxf3 31. Qg5 b5 32. Rd6 Qc7 33. axb5 axb5 34. Rd8+ Ka7 35. Ra1+ Ba6 36. Rd6 Kb7 37. d4 Re8 38. Rb6+ Kc8 39. Rbxa6 Rxg3+ 40. Kf2 Rxg5 41. Ra8+ Kd7 42. R1a7 Qxa7 43. c6+ Ke6 44. Rxa7 Rg4 45. c7 Kd7 46. Kf3 Rc8 47. Rb7 Rxc7 48. Rxb5 Rxd4 49. Rxf5 Rd6 50. Rh5 Kc6 51. Ke4 Rcd7 52. Re5 Rd4+ 53. Kf5 R4d5 54. h5 Rxe5+ 55. Kxe5 Rd5+ 56. Kf6 Rxh5 57. Kg7 Rh1 58. Kf6 h5 59. Kg7 h4 60. Kf6 Rg1 61. Kf5 h3 62. Kf4 h2 63. Kf3 h1=Q+ 64. Ke3 Qg2 65. Kf4 Rf1+ 66. Ke5 Qe2+ 0-1


[Site "https://www.chess.com"]

[Event "Titled Tuesday Blitz March 07 Late 2023"]
[White "Larino Nieto, David"]
[Black "Krzyzanowski, Marcin"]
[WhiteFideId "2256444"]
[BlackFideId "1132199"]
[WhiteElo "2506"]
[BlackElo "2471"]
[Result "1-0"]
[Round "08"]
[TimeControl "180+2"]
[Date "2023.03.07"]
[WhiteClock "0:00:57"]
[BlackClock "0:00:01"]

1. e4 c5 2. Nc3 d6 3. g3 Nc6 4. Bg2 g6 5. d3 Bg7 6. f4 Rb8 7. h3 h5 8. Nf3 b5 9. O-O b4 10. Nd5 e6 11. Ne3 Nd4 12. Ng5 h4 13. g4 Nf6 14. e5 Nh7 15. Nxh7 Rxh7 16. Nc4 Nb5 17. Bc6+ Kf8 18. Bxb5 d5 19. Nd6 Rb6 20. d4 Rxd6 21. exd6 Bxd4+ 22. Kh2 Qxd6 23. Qf3 f5 24. c3 bxc3 25. bxc3 Bf6 26. Rb1 d4 27. Qc6 Qxc6 28. Bxc6 Rc7 29. g5 Bg7 30. Bf3 dxc3 31. Ba3 Ke7 32. Rb5 Ba6 33. Rxc5 Rxc5 34. Bxc5+ Kd7 35. Rc1 Bd3 36. Rd1 c2 37. Rxd3+ Kc7 38. Ba3 1-0


[Site "https://www.chess.com"]

[Event "Titled Tuesday Blitz March 07 Late 2023"]
[White "Real_OceanStorm"]
[Black "Hernandez Gonzalez, William"]
[BlackFideId "3509915"]
[WhiteElo "2797"]
[BlackElo "2374"]
[Result "1-0"]
[Round "08"]
[TimeControl "180+2"]
[Date "2023.03.07"]
[WhiteClock "0:00:04"]
[BlackClock "0:00:19"]

1. e4 c5 2. c3 Nf6 3. e5 Nd5 4. d4 cxd4 5. cxd4 Nc6 6. Nc3 Nxc3 7. bxc3 d5 8. Nf3 g6 9. Bd3 Bg7 10. O-O O-O 11. Re1 Na5 12. Bd2 Bd7 13. Qc1 Bg4 14. Ng5 Nc4 15. Bxc4 dxc4 16. h3 Bf5 17. a4 Qd5 18. Nf3 Be4 19. Re3 Bh6 20. Rxe4 Qxe4 21. Bxh6 Rfd8 22. Ng5 Qc6 23. Qf4 f6 24. Ne4 f5 25. Ng3 a6 26. Qg5 Qe6 27. Nh5 b5 28. Nf4 Qf7 29. d5 a5 30. axb5 a4 31. d6 e6 32. h4 Kh8 33. h5 gxh5 34. Nxe6 Rg8 35. Qf6+ Qxf6 36. exf6 Rg6 37. Bg7+ Kg8 38. d7 Rg4 39. d8=Q+ Rxd8 40. Nxd8 Re4 41. Bh6 1-0


[Site "https://www.chess.com"]

[Event "Titled Tuesday Blitz March 07 Late 2023"]
[White "Melkumyan, Hrant"]
[Black "Papasimakopoulos, Alexandros"]
[WhiteFideId "13302485"]
[BlackFideId "4244125"]
[WhiteElo "2604"]
[BlackElo "2359"]
[Result "1-0"]
[Round "08"]
[TimeControl "180+2"]
[Date "2023.03.07"]
[WhiteClock "0:01:32"]
[BlackClock "0:01:02"]

1. d4 e6 2. e4 d5 3. exd5 exd5 4. Nf3 Bg4 5. Bd3 Bd6 6. Nbd2 Nc6 7. c3 Nge7 8. Nf1 Qd7 9. Ne3 Bh5 10. O-O Bg6 11. b4 O-O 12. a4 Rfe8 13. Ba3 Bxd3 14. Qxd3 Ng6 15. g3 Nce7 16. b5 Bxa3 17. Rxa3 a6 18. Rb1 Qd6 19. Raa1 axb5 20. axb5 Nf8 21. Kg2 Nd7 22. h4 h6 23. Nf5 Nxf5 24. Qxf5 Qe6 25. Qf4 Rxa1 26. Rxa1 c6 27. Re1 Qxe1 28. Nxe1 Rxe1 29. Qc7 Nf8 30. b6 1-0


[Site "https://www.chess.com"]

[Event "Titled Tuesday Blitz March 07 Late 2023"]
[White "Holt, Conrad"]
[Black "Martinez Ramirez, Lennis"]
[WhiteFideId "2034387"]
[BlackFideId "3509079"]
[WhiteElo "2592"]
[BlackElo "2439"]
[Result "1-0"]
[Round "08"]
[TimeControl "180+2"]
[Date "2023.03.07"]
[WhiteClock "0:01:46"]
[BlackClock "0:00:01"]

1. d4 d5 2. c4 dxc4 3. e3 Nf6 4. Bxc4 e6 5. Nf3 c5 6. O-O a6 7. Bd3 Nc6 8. Nc3 Qc7 9. a3 b5 10. dxc5 Bxc5 11. b4 Bd6 12. Bb2 Bb7 13. Ne4 Be7 14. Rc1 Rd8 15. Qc2 Qb8 16. Rfd1 h6 17. Nc5 Rc8 18. Nxb7 Qxb7 19. Bxf6 Bxf6 20. Be4 O-O 21. Bxc6 Qb8 22. Qb1 Qb6 23. Be4 Rcd8 24. Rxd8 Rxd8 25. g4 Qa7 26. Rd1 g6 27. Rxd8+ Bxd8 28. Bxg6 1-0


[Site "https://www.chess.com"]

[Event "Titled Tuesday Blitz March 07 Late 2023"]
[White "Costachi, Mihnea"]
[Black "Skvortsov, Andrei"]
[WhiteFideId "1217518"]
[BlackFideId "24108600"]
[WhiteElo "2456"]
[BlackElo "2259"]
[Result "1-0"]
[Round "08"]
[TimeControl "180+2"]
[Date "2023.03.07"]
[WhiteClock "0:00:05"]
[BlackClock "0:00:03"]

1. d4 d5 2. c4 dxc4 3. Nf3 Nf6 4. e3 a6 5. Bxc4 e6 6. O-O c5 7. Bb3 Nc6 8. Nc3 b5 9. Qe2 c4 10. Bc2 Bb7 11. Rd1 Qb6 12. e4 Rd8 13. d5 Nb4 14. Be3 Bc5 15. Bxc5 Qxc5 16. dxe6 fxe6 17. Rxd8+ Kxd8 18. Rd1+ Ke7 19. e5 Nfd5 20. Ne4 Qb6 21. Bb1 Rf8 22. Qd2 h6 23. Nh4 Rd8 24. Ng6+ Kf7 25. Nd6+ Kg8 26. Ne7+ Nxe7 27. Qxb4 Rf8 28. Qd2 Qc6 29. Nxb7 Qxb7 30. Qd6 Qa7 31. Qxe6+ Kh8 32. Rf1 Qc5 33. Qd6 Qxd6 34. exd6 Nc6 35. Rd1 Rd8 36. Bf5 Kg8 37. f4 Kf7 38. Kf2 g6 39. Be4 Nb8 40. Bd5+ Kf6 41. Bf3 Nd7 42. g4 Nc5 43. Be2 Ne4+ 44. Ke3 Nxd6 45. Kf3 Ke6 46. Rd4 Rf8 47. Bd1 Ke7 48. Bc2 Nb7 49. Bxg6 Nc5 50. Bf5 h5 51. h3 hxg4+ 52. hxg4 Na4 53. Rd5 Nxb2 54. Rd7+ Kf6 55. Rd6+ Ke7 56. Rd7+ Ke8 57. Ra7 Rf6 58. Ke4 Nd3 59. Kd4 Rd6+ 60. Ke3 b4 61. g5 Kf8 62. g6 Rd4 63. g7+ Kg8 64. Kxd4 Nxf4 65. Ke5 Ng6+ 66. Bxg6 c3 67. Kf6 1-0


[Site "https://www.chess.com"]

[Event "Titled Tuesday Blitz March 07 Late 2023"]
[White "Grover, Sahaj"]
[Black "Zhu, Jiner"]
[WhiteFideId "5021103"]
[BlackFideId "8608059"]
[WhiteElo "2432"]
[BlackElo "2384"]
[Result "0-1"]
[Round "08"]
[TimeControl "180+2"]
[Date "2023.03.07"]
[WhiteClock "0:00:41"]
[BlackClock "0:00:16"]

1. e4 e5 2. Nf3 Nc6 3. Bb5 a6 4. Ba4 d6 5. O-O Bd7 6. Bxc6 Bxc6 7. Nc3 g6 8. d4 Bg7 9. Bg5 f6 10. Be3 Nh6 11. h3 Nf7 12. Nh2 O-O 13. f4 exd4 14. Bxd4 f5 15. exf5 gxf5 16. Nf3 b5 17. Bxg7 Kxg7 18. Nd4 Bd7 19. Nd5 c6 20. Nxf5+ Bxf5 21. Qd4+ Kg6 22. Rf3 cxd5 23. Rg3+ Kh5 24. Rg7 Kh6 25. g4 Ne5 26. fxe5 Kxg7 0-1


[Site "https://www.chess.com"]

[Event "Titled Tuesday Blitz March 07 Late 2023"]
[White "Bach, Matthias"]
[Black "Rorrer, Grayson"]
[WhiteFideId "4603168"]
[BlackFideId "30944996"]
[WhiteElo "2165"]
[BlackElo "2200"]
[Result "0-1"]
[Round "08"]
[TimeControl "180+2"]
[Date "2023.03.07"]
[WhiteClock "0:00:01"]
[BlackClock "0:00:04"]

1. d4 Nf6 2. c4 g6 3. Nc3 d5 4. cxd5 Nxd5 5. g3 Bg7 6. Bg2 Nxc3 7. bxc3 c5 8. e3 O-O 9. Ne2 Qc7 10. O-O Rd8 11. a4 cxd4 12. cxd4 Nc6 13. Ba3 Be6 14. Rc1 Qb6 15. Nf4 Bb3 16. Qe1 e5 17. dxe5 Nxe5 18. Rb1 Nd3 19. Nxd3 Rxd3 20. a5 Qa6 21. Be4 Bd5 22. Bxd3 Qxd3 23. Rd1 Qf5 24. Rxd5 Qxd5 25. Bb4 Rc8 26. Qd2 Qxd2 27. Bxd2 Rd8 28. Bb4 Rd3 29. Rb1 Rd7 30. Kf1 Be5 31. Ke2 Kg7 32. f4 Bf6 33. e4 Bd8 34. e5 h5 35. Bc3 Rc7 36. Bd4 a6 37. Ke3 Rd7 38. Ke4 Bxa5 39. Rc1 Re7 40. Rc8 Bb4 41. h3 Re6 42. g4 hxg4 43. hxg4 Rc6 44. f5 Rxc8 45. e6+ Kf8 0-1


[Site "https://www.chess.com"]

[Event "Titled Tuesday Blitz March 07 Late 2023"]
[White "Gerzhoy, Leonid"]
[Black "Yuan, Qingyu"]
[WhiteFideId "2806126"]
[BlackFideId "8609772"]
[WhiteElo "2615"]
[BlackElo "2359"]
[Result "1-0"]
[Round "08"]
[TimeControl "180+2"]
[Date "2023.03.07"]
[WhiteClock "0:02:30"]
[BlackClock "0:01:34"]

1. d4 d5 2. c4 e6 3. Nc3 Be7 4. Nf3 Nf6 5. e3 O-O 6. b3 c5 7. Bd3 cxd4 8. exd4 b6 9. O-O Bb7 10. Bb2 Nc6 11. Rc1 Rc8 12. Qe2 dxc4 13. bxc4 Nxd4 14. Nxd4 Qxd4 15. Nd5 Qc5 16. Bxf6 gxf6 17. Bxh7+ Kxh7 18. Qh5+ Kg7 19. Qg4+ Kh8 20. Rc3 Qxc4 21. Rh3# 1-0


[Site "https://www.chess.com"]

[Event "Titled Tuesday Blitz March 07 Late 2023"]
[White "Baskakov, Egor"]
[Black "Diaz Perez, Michel Alejandro"]
[WhiteFideId "24197866"]
[BlackFideId "3517179"]
[WhiteElo "2212"]
[BlackElo "2333"]
[Result "0-1"]
[Round "08"]
[TimeControl "180+2"]
[Date "2023.03.07"]
[WhiteClock "0:00:40"]
[BlackClock "0:01:01"]

1. e4 d6 2. g3 Nf6 3. Bg2 e5 4. Ne2 h5 5. h3 Nbd7 6. O-O c6 7. d4 Be7 8. c4 Qc7 9. Nbc3 b6 10. Be3 Bb7 11. Rc1 Nf8 12. Qa4 Ng6 13. f4 exf4 14. Nxf4 Nxf4 15. Bxf4 O-O 16. Qd1 Rfe8 17. e5 dxe5 18. dxe5 Bc5+ 19. Kh1 Rxe5 20. Bxe5 Qxe5 21. Qf3 Bd6 22. Rfe1 Qg5 23. Re3 Bc5 24. Ree1 h4 25. g4 Rd8 26. Rcd1 Rxd1 27. Qxd1 g6 28. Qd8+ Kg7 29. Qc7 Ba6 30. Rf1 Bxc4 31. Ne4 Nxe4 32. Qf4 Ng3+ 0-1


[Site "https://www.chess.com"]

[Event "Titled Tuesday Blitz March 07 Late 2023"]
[White "Saveliev, Alexei"]
[Black "Fier, Alexandr"]
[WhiteFideId "24128546"]
[BlackFideId "2107139"]
[WhiteElo "2271"]
[BlackElo "2610"]
[Result "1-0"]
[Round "08"]
[TimeControl "180+2"]
[Date "2023.03.07"]
[WhiteClock "0:00:48"]
[BlackClock "0:00:46"]

1. c4 c5 2. e3 Nc6 3. d4 cxd4 4. exd4 d5 5. Nf3 Nf6 6. Nc3 a6 7. cxd5 Nxd5 8. Bc4 Be6 9. Bb3 Na5 10. Bc2 g6 11. O-O Nxc3 12. bxc3 Bg7 13. Re1 O-O 14. Ng5 Bd5 15. Be4 Bxe4 16. Nxe4 Rc8 17. Bg5 h6 18. Bh4 g5 19. Bg3 Nc4 20. Qe2 b6 21. f4 Qd5 22. fxg5 hxg5 23. Nd2 e6 24. Rab1 b5 25. Nb3 Rc6 26. Rbc1 f5 27. Qh5 f4 28. Bf2 Qf5 29. Nc5 Rf7 30. Ne4 g4 31. Ng5 Re7 32. h3 g3 33. Bxg3 fxg3 34. Rf1 Qd3 35. Rcd1 Qe3+ 36. Kh1 e5 37. Qh7# 1-0


[Site "https://www.chess.com"]

[Event "Titled Tuesday Blitz March 07 Late 2023"]
[White "Clarke, Brandon G I"]
[Black "Gascon Del Nogal, Jose Rafael"]
[WhiteFideId "400319"]
[BlackFideId "3902463"]
[WhiteElo "2414"]
[BlackElo "2473"]
[Result "1-0"]
[Round "08"]
[TimeControl "180+2"]
[Date "2023.03.07"]
[WhiteClock "0:01:34"]
[BlackClock "0:00:10"]

1. e4 c5 2. Nf3 d6 3. d4 cxd4 4. Nxd4 Nf6 5. Nc3 Nc6 6. Bg5 e6 7. Qd2 a6 8. O-O-O Bd7 9. f4 Be7 10. Nf3 b5 11. Bxf6 gxf6 12. f5 Qb6 13. Kb1 O-O-O 14. g3 Kb8 15. fxe6 fxe6 16. Bh3 Na5 17. Nd4 b4 18. Nce2 e5 19. Bxd7 Rxd7 20. Nf5 Nc4 21. Qd3 Rc8 22. Nc1 a5 23. Rhf1 Bf8 24. Rf3 d5 25. exd5 a4 26. Qe4 Qb5 27. d6 Qc6 28. Qxc6 Rxc6 29. Rfd3 Rc5 30. g4 h5 31. h3 hxg4 32. hxg4 Kb7 33. Ne2 Kc6 34. Neg3 a3 35. b3 Nb2 36. Ne4 Nxd3 37. Rxd3 Rd5 38. Rxd5 Kxd5 39. Nxf6+ Ke6 40. Nxd7 Kxd7 41. c3 bxc3 42. Kc2 1-0


[Site "https://www.chess.com"]

[Event "Titled Tuesday Blitz March 07 Late 2023"]
[White "Fernandez Guillen, Ernesto J."]
[Black "Oro, Faustino"]
[WhiteFideId "3512428"]
[BlackFideId "20000197"]
[WhiteElo "2423"]
[BlackElo "1984"]
[Result "1/2-1/2"]
[Round "08"]
[TimeControl "180+2"]
[Date "2023.03.07"]
[WhiteClock "0:00:39"]
[BlackClock "0:00:06"]

1. e4 e5 2. Nf3 Nc6 3. d4 exd4 4. Bc4 Nf6 5. O-O Nxe4 6. Re1 d5 7. Bxd5 Qxd5 8. Nc3 Qh5 9. Nxe4 Be6 10. Bg5 Be7 11. Bxe7 Nxe7 12. Nxd4 Qxd1 13. Raxd1 O-O-O 14. Nxe6 Rxd1 15. Rxd1 fxe6 16. Ng5 Nf5 17. Nxe6 Re8 18. Nf4 g5 19. Nd3 Re2 20. c3 Nd6 21. Kf1 Rc2 22. Ke1 Nc4 23. Rc1 Rxc1+ 24. Nxc1 Nxb2 25. Kd2 Kd7 26. Ke3 Ke6 27. g3 c5 28. f4 gxf4+ 29. Kxf4 b5 30. g4 a5 31. h4 b4 32. cxb4 axb4 33. g5 c4 34. Ke4 c3 35. Kd4 Kf5 36. Kc5 Kg4 37. Kxb4 Kxh4 38. Kxc3 Na4+ 39. Kb4 Nb6 40. Kc5 Na4+ 41. Kb4 Nb6 42. Kb5 Nd5 43. Ne2 Kxg5 44. a4 h5 45. a5 h4 46. Kc6 Nb4+ 47. Kc5 Na6+ 48. Kb5 Nc7+ 49. Kb6 Nd5+ 50. Kc6 Nb4+ 51. Kb5 Nd5 52. Kc6 1/2-1/2


[Site "https://www.chess.com"]

[Event "Titled Tuesday Blitz March 07 Late 2023"]
[White "Iskusnyh, Sergei"]
[Black "Derige Kane, Yan"]
[WhiteFideId "4120027"]
[BlackFideId "20665431"]
[WhiteElo "2492"]
[BlackElo "2149"]
[Result "1-0"]
[Round "08"]
[TimeControl "180+2"]
[Date "2023.03.07"]
[WhiteClock "0:00:28"]
[BlackClock "0:01:21"]

1. d4 d5 2. c4 e6 3. Nf3 a6 4. Nbd2 c5 5. cxd5 cxd4 6. g3 Nf6 7. Bg2 Qxd5 8. O-O Nc6 9. Nb3 Qd8 10. Nfxd4 Bd7 11. Nxc6 Bxc6 12. Bxc6+ bxc6 13. Qc2 Rc8 14. Rd1 Qc7 15. Bf4 e5 16. Bg5 Be7 17. Nc5 O-O 18. Bxf6 Bxf6 19. Nd7 Rfe8 20. Nxf6+ gxf6 21. Qf5 Qe7 22. Qg4+ Kh8 23. Rac1 Qe6 24. Qxe6 Rxe6 25. Rd7 Kg7 26. Rc5 f5 27. Ra7 Kf6 28. Rxa6 Ke7 29. b4 Kd6 30. Rc2 e4 31. b5 Kd5 32. bxc6 f4 33. Kg2 fxg3 34. hxg3 f5 35. Ra5+ Kd6 36. Rxf5 Rxc6 37. Rxc6+ Kxc6 38. a4 Kd6 39. Rb5 Re7 40. a5 Kc6 41. Rb6+ Kc5 42. Rh6 Kd4 43. e3+ Kd3 44. Rh1 Ke2 45. Ra1 Rf7 46. Ra2+ Ke1 47. a6 Ra7 48. g4 Kd1 49. Kg3 Ke1 50. Kf4 Kf1 51. Kxe4 Kg2 52. f4+ Kg3 53. g5 Kg4 54. Kd5 1-0


[Site "https://www.chess.com"]

[Event "Titled Tuesday Blitz March 07 Late 2023"]
[White "Ozates, Tuna"]
[Black "Bilych, Olexiy"]
[WhiteFideId "6354521"]
[BlackFideId "14156504"]
[WhiteElo "2151"]
[BlackElo "2320"]
[Result "1/2-1/2"]
[Round "08"]
[TimeControl "180+2"]
[Date "2023.03.07"]
[WhiteClock "0:00:05"]
[BlackClock "0:00:02"]

1. e4 c5 2. Nf3 d6 3. Bb5+ Nd7 4. O-O a6 5. Bd3 Ngf6 6. c3 Ne5 7. Bc2 Nxf3+ 8. Qxf3 e5 9. h3 Be7 10. Qd1 O-O 11. d4 cxd4 12. cxd4 exd4 13. Qxd4 Be6 14. Nc3 Qa5 15. Kh1 Rfe8 16. f4 Rac8 17. f5 Bc4 18. Re1 Nd7 19. Bf4 Bf6 20. Qd2 Ne5 21. Rad1 Nc6 22. Bxd6 Rcd8 23. Qf4 Be5 24. Bxe5 Qxe5 25. Rxd8 Rxd8 26. Qxe5 Nxe5 27. Rd1 Rxd1+ 28. Bxd1 Kf8 29. Kg1 Ke7 30. Bc2 Kd6 31. Kf2 Bd3 32. Bb3 Bc4 33. Ke3 Bxb3 34. axb3 Kc5 35. Nd5 b5 36. g4 f6 37. Nf4 Kb4 38. Ne6 Kxb3 39. Nxg7 Kxb2 40. g5 fxg5 41. f6 a5 42. Kd4 Ng6 43. e5 a4 44. e6 a3 45. e7 a2 46. e8=Q a1=Q 47. Qxb5+ Kc2+ 48. Ke3 Qxf6 49. Qd3+ Kc1 50. Qd2+ Kb1 51. Qd1+ Kb2 52. Qe2+ Kb3 53. Qb5+ Ka3 54. Qa5+ Kb3 55. Qd5+ Kb4 56. Qe4+ Kc5 57. Qc2+ Kd5 58. Qb3+ Kc6 59. Qc4+ Kd7 60. Qb5+ Ke7 61. Nf5+ Kf7 62. Qb7+ Kf8 63. Nd4 Qf4+ 64. Kd3 Ne5+ 65. Kc3 Qe3+ 66. Kc2 Qxd4 67. Qc8+ Kf7 68. Qf5+ Ke7 69. Qxh7+ Kd6 70. Qh6+ Kc5 71. Qxg5 Qd3+ 72. Kc1 Qe4 73. Qg1+ Kb5 74. Qg5 Kb4 75. Qe7+ Kc4 76. Qc7+ Kd3 77. Qd6+ Ke2 78. Qd2+ Kf3 79. Qd1+ Kg2 80. Qc2+ Qxc2+ 81. Kxc2 Kxh3 1/2-1/2


[Site "https://www.chess.com"]

[Event "Titled Tuesday Blitz March 07 Late 2023"]
[White "Krallis, Christos"]
[Black "Weichhold, Pawel"]
[WhiteFideId "4298896"]
[BlackFideId "1139703"]
[WhiteElo "2243"]
[BlackElo "2330"]
[Result "1-0"]
[Round "08"]
[TimeControl "180+2"]
[Date "2023.03.07"]
[WhiteClock "0:00:46"]
[BlackClock "0:00:11"]

1. Nf3 Nf6 2. c4 g6 3. g3 Bg7 4. b3 O-O 5. Bb2 d6 6. Bg2 a5 7. O-O Nc6 8. a3 e5 9. d3 Re8 10. Nbd2 Bd7 11. Ne1 Qc8 12. Nc2 Bh3 13. b4 Bxg2 14. Kxg2 Qe6 15. b5 Ne7 16. e4 Nh5 17. Ne3 Nc8 18. Qg4 Nb6 19. a4 Nd7 20. Ba3 Nc5 21. Bxc5 dxc5 22. Qxe6 fxe6 23. Nf3 b6 24. Ng4 Rad8 25. Rad1 Rf8 26. Nfxe5 Nf6 27. Nxf6+ Bxf6 28. Ng4 Bg7 29. h4 Rd4 30. f4 Rfd8 31. Nf2 R4d7 32. e5 h6 33. Kf3 g5 34. hxg5 hxg5 35. Ke2 gxf4 36. gxf4 Kf7 37. Ne4 Rh8 38. Rf2 Rh4 39. Rdf1 Rd8 40. f5 exf5 41. Rxf5+ Ke6 42. Ng5+ 1-0


[Site "https://www.chess.com"]

[Event "Titled Tuesday Blitz March 07 Late 2023"]
[White "Berezin, Viktor"]
[Black "Bitoon, Richard"]
[WhiteFideId "14107872"]
[BlackFideId "5201110"]
[WhiteElo "2310"]
[BlackElo "2374"]
[Result "1-0"]
[Round "08"]
[TimeControl "180+2"]
[Date "2023.03.07"]
[WhiteClock "0:00:13"]
[BlackClock "0:00:01"]

1. d4 Nf6 2. c4 g6 3. Nf3 Bg7 4. g3 O-O 5. Bg2 d6 6. O-O Nc6 7. Nc3 Bg4 8. Ne1 Qc8 9. Nc2 Bh3 10. e4 Nh5 11. Be3 e5 12. d5 Ne7 13. c5 Bxg2 14. Kxg2 f5 15. Bg5 Bf6 16. Bh6 Rf7 17. exf5 Nxf5 18. Be3 Qd7 19. Ne4 Raf8 20. cxd6 Nxe3+ 21. Nxe3 cxd6 22. Qg4 Qxg4 23. Nxg4 Rd7 24. Rac1 Bd8 25. Rc8 Kg7 26. Rfc1 a6 27. R1c2 Be7 28. R8c7 Rfd8 29. b4 h6 30. a4 Kf7 31. b5 Kg7 32. bxa6 bxa6 33. a5 Bf8 34. R2c6 Rxc7 35. Rxc7+ Kh8 36. Ngf6 Nxf6 37. Nxf6 Bg7 38. Nd7 Ra8 39. Nb6 Rf8 40. Ra7 e4 41. Rxa6 Bd4 42. Ra8 Rxa8 43. Nxa8 Kg7 44. Nc7 Kf6 45. a6 Ke5 46. Nb5 Bc5 47. Nc7 Bd4 48. Kf1 Bb6 49. Nb5 Kxd5 50. a7 Bxa7 51. Nxa7 Kc5 52. Nc8 d5 53. Ne7 g5 54. Nf5 h5 55. h4 gxh4 56. gxh4 d4 57. Ke2 Kd5 58. Ng7 Ke5 59. Nxh5 Kf5 60. Ng3+ Kf4 61. h5 d3+ 62. Kd2 Kg4 63. h6 Kf3 64. Ke1 e3 65. fxe3 Kxg3 66. h7 Kf3 67. Kd2 Kf2 68. h8=Q Kf3 69. Kxd3 Kf2 70. Qf6+ Kg3 71. Ke2 Kg4 72. Qf3+ Kh4 73. e4 Kg5 74. e5 Kg6 75. e6 Kg7 76. e7 Kh7 77. Qg3 Kh6 78. e8=Q Kh7 79. Qeg8+ Kh6 80. Q8g6# 1-0


[Site "https://www.chess.com"]

[Event "Titled Tuesday Blitz March 07 Late 2023"]
[White "Cardoso Cardoso, Jose Gabriel"]
[Black "Pert, Richard G"]
[WhiteFideId "4430492"]
[BlackFideId "404748"]
[WhiteElo "2496"]
[BlackElo "2441"]
[Result "1-0"]
[Round "08"]
[TimeControl "180+2"]
[Date "2023.03.07"]
[WhiteClock "0:01:35"]
[BlackClock "0:00:40"]

1. d4 Nf6 2. Nc3 d5 3. Bf4 e6 4. e3 Bb4 5. Ne2 O-O 6. a3 Bd6 7. Ng3 b6 8. Bd3 Ba6 9. Bxa6 Nxa6 10. Qd3 Nb8 11. O-O Bxf4 12. exf4 g6 13. b4 c5 14. dxc5 bxc5 15. Na4 Nbd7 16. c4 dxc4 17. Qxc4 cxb4 18. axb4 Qe7 19. Rfc1 Nd5 20. Nc5 Rfc8 21. Nge4 Nxf4 22. Rd1 Nd5 23. Qd4 Nxc5 24. bxc5 a5 25. Qe5 Rxc5 26. Rxd5 Rxd5 27. Nf6+ Kf8 28. Nxd5 exd5 29. Qh8# 1-0


[Site "https://www.chess.com"]